AoeStats
← Kez

Nomad

508494704Analyzed
3v3 RM · 9d ago on Sep 22, 2026· 80m 36s· 6 players
Game mode
Random Map
Map size
210×210
Population
200
Speed
Normal
Resources
Standard
Victory
Conquest
Starting age
Dark Age
Ending age
Imperial Age
RankedLock teamsTeams togetherTeam positionsShared explorationLock speedFull tech treeHidden civsTurbo modeCheats
Victory
Defeat
🇺🇸 Random · United States
1414
+14
🇨🇦 Franks · Canada
1372
+16
🇲🇽 Random · Mexico
1276
+20
🇳🇴 Random · Norway
1409
-18
🇫🇷 Spanish · France
1374
-17
🇳🇱 Persians · Netherlands
1335
-15
Nova_Wolf
5:23 Loom
14:42 Feudal Age
19:15 Castle Age
17:46 Fletching
20:00 Bodkin Arrow
20:37 Bloodlines
22:19 Padded Archer Armor
22:47 Gold Mining
24:10 Double-Bit Axe
26:56 Ballistics
29:58 Wheelbarrow
33:43 Town Watch
38:10 Imperial Age
36:32 Gambesons
37:22 Husbandry
39:29 Capped Ram
40:21 Forging
40:12 Scale Mail Armor
40:26 Elite Varangian Guard
41:43 Iron Casting
44:47 Chain Mail Armor
44:34 Gambesons
47:01 Plate Mail Armor
49:57 Conscription
49:43 Gambesons
51:04 Blast Furnace
53:02 Bracer
53:18 Leather Archer Armor
53:13 Cranequins
54:10 Masonry
54:55 Siege Engineers
55:51 Chemistry
57:44 Bow Saw
57:09 Heavy Mounted Crossbowman
61:07 Hand Cart
61:54 Thumb Ring
66:53 Hoardings
65:53 Siege Ram
71:37 Elite Skirmisher
72:06 Pikeman
72:47 Squires
73:05 Halberdier
74:41 Ring Archer Armor
Masp
2:54 Loom
14:30 Feudal Age
16:07 Town Watch
19:09 Castle Age
18:38 Forging
23:00 Iron Casting
22:26 Scale Mail Armor
25:50 Chain Mail Armor
26:17 Arson
31:02 Fletching
34:49 Squires
35:36 Bodkin Arrow
45:09 Ballistics
46:18 Murder Holes
46:39 Treadmill Crane
50:43 Imperial Age
48:56 Wheelbarrow
51:17 Scale Barding Armor
51:35 Hand Cart
52:11 Double-Bit Axe
53:56 Husbandry
53:17 Cavalier
54:30 Conscription
54:21 Chivalry
54:58 Hoardings
54:50 Chain Barding Armor
55:31 Blast Furnace
55:42 Bow Saw
55:07 Paladin
57:11 Plate Barding Armor
61:20 Caravan
71:13 Siege Engineers
72:09 Chemistry
71:20 Masonry
75:57 Elite Throwing Axeman
76:25 Light Cavalry
PlanetaryWizard
5:06 Loom
12:54 Feudal Age
13:55 Feudal Age
18:52 Castle Age
17:19 Fishing Lines
19:50 Medium Warships
21:04 Double-Bit Axe
23:01 Horse Collar
23:39 Horse Collar
24:19 Bow Saw
25:27 Wheelbarrow
25:30 Town Watch
28:28 Hand Cart
30:52 Heavy Plow
30:43 Gold Mining
30:44 Stone Mining
30:45 Fletching
31:23 Gillnets
34:13 Imperial Age
31:53 Fletching
32:19 Padded Archer Armor
32:40 Ballistics
32:45 Heavy Plow
32:39 Gold Mining
33:03 Stone Mining
32:41 Crossbowman
33:30 Thumb Ring
33:23 Bodkin Arrow
34:16 Masonry
33:47 Treadmill Crane
34:53 Leather Archer Armor
34:41 Husbandry
34:55 Bloodlines
35:44 Bracer
36:54 Chemistry
36:06 Cranequins
38:01 Two-Man Saw
37:37 Gold Shaft Mining
37:15 Heavy Mounted Crossbowman
38:54 Siege Engineers
39:12 Conscription
39:39 Ring Archer Armor
40:13 Scale Mail Armor
40:24 Forging
41:06 Architecture
41:16 Coinage
41:58 Squires
42:14 Chain Mail Armor
41:46 Pikeman
42:12 Gambesons
42:12 Arson
43:04 Iron Casting
43:04 Banking
42:37 Halberdier
42:41 Capped Ram
44:09 Siege Ram
45:36 Plate Mail Armor
47:33 Guilds
48:40 Elite Varangian Guard
50:29 Fortified Wall
50:11 Guard Tower
50:08 Arrowslits
54:20 Keep
55:04 Caravan
55:08 Heated Shot
55:54 Block Printing
55:46 Murder Holes
61:56 Two-Man Saw
61:27 Crop Rotation
64:25 Medium Warships
67:03 Fortified Wall
76:37 Hoardings
75:24 Shield Wall
75:27 Clerical Recruitment
ManWithScarf
3:57 Loom
15:25 Feudal Age
20:20 Castle Age
18:45 Double-Bit Axe
24:26 Wheelbarrow
25:19 Horse Collar
26:10 Bow Saw
28:56 Fletching
30:57 Medium Warships
34:32 Bodkin Arrow
34:37 Padded Archer Armor
37:40 Imperial Age
35:55 Hand Cart
35:25 Town Watch
38:39 Bracer
38:41 Padded Archer Armor
38:35 Cranequins
40:59 Chemistry
40:49 Ballistics
40:41 Masonry
41:09 Heavy Mounted Crossbowman
43:29 Leather Archer Armor
43:39 Scale Mail Armor
43:50 Forging
44:58 Ring Archer Armor
45:25 Forging
45:30 Chain Mail Armor
47:27 Iron Casting
48:44 Plate Mail Armor
49:03 Elite Jomsviking
50:11 Conscription
50:26 Hoardings
52:02 Blast Furnace
51:40 Siege Engineers
51:39 Hamask
55:01 Elite Skirmisher
55:48 Thumb Ring
59:05 Elite Varangian Guard
59:46 Squires
63:12 Capped Ram
65:00 Gold Mining
65:02 Stone Mining
69:16 Shipwright
Rocgash
6:22 Loom
12:08 Feudal Age
12:52 Double-Bit Axe
17:19 Castle Age
17:02 Fletching
17:12 Padded Archer Armor
17:18 Stone Mining
18:42 Bodkin Arrow
19:03 Leather Archer Armor
22:49 Bloodlines
25:44 Husbandry
32:40 Imperial Age
31:38 Stone Shaft Mining
30:54 Gold Mining
31:04 Fishing Lines
33:22 Ballistics
33:44 Bracer
38:48 Conscription
39:34 Ring Archer Armor
56:35 Elite Conquistador
75:06 Gillnets
Kez
11:09 Loom
12:55 Feudal Age
14:58 Double-Bit Axe
17:35 Castle Age
18:14 Medium Warships
22:00 Horse Collar
23:25 Fishing Lines
25:35 Scale Barding Armor
29:33 Bloodlines
32:27 Gillnets
33:49 Fletching
41:25 Bow Saw
47:36 Imperial Age
46:05 Gold Mining
47:12 Wheelbarrow
49:36 Chemistry
48:58 Bow Saw
48:50 Heavy Plow
51:07 Town Watch
52:55 Hand Cart
56:50 Two-Man Saw
55:55 Light Cavalry
56:35 Husbandry
56:57 Chain Barding Armor
56:47 Forging
56:55 Hussar
57:39 Cavalier
58:50 Heavy Camel Rider
60:43 Crop Rotation
62:14 Iron Casting
64:06 Coinage
65:22 Plate Barding Armor
65:47 Blast Furnace
66:02 Banking
65:11 Savar
66:27 Ballistics
67:48 Masonry
68:52 Murder Holes
77:22 Citadels
77:33 Conscription
Connection lost

Rejoining the realm…

Still unreachable

The connection could not be restored.

Session expired

The server has moved on; the page needs a fresh start.